 Dungeon Crawl Stone Soup version 0.27.1-3-gb3d3a73c9e (webtiles) character file.

Game seed: 6015216212039863267

11 horus123 the Ruffian (level 2, -2/26 HPs)
             Began as a Ghoul Berserker on Oct 15, 2021.
             Was a Follower of Trog.
             Slain by a kobold (4 damage)
             ... on level 1 of the Dungeon.
             The game lasted 00:00:46 (182 turns).

horus123 the Ruffian (Ghoul Berserker)               Turns: 182, Time: 00:00:47

Health: -2/26      AC:  2    Str: 19    XL:     2   Next: 25%
Magic:  1/1        EV: 11    Int:  3    God:    Trog [*.....]
Gold:   10         SH:  0    Dex:  8    Spells: 1/1 levels left

rFire    . . .     SeeInvis .     - Unarmed
rCold    + . .     Faith    .   (no shield)
rNeg     + + +     Spirit   .   a - +0 animal skin
rPois    ∞         Reflect  .   (no helmet)
rElec    .         Harm     .   (no cloak)
rCorr    .         Rampage  .   (no gloves)
Will     .....                  (no boots)
Stlth    +.........             (no amulet)
HPRegen  0.00/turn              (no ring)
MPRegen  0.07/turn              (no ring)

@: inhibited regen
A: claws 1, cold resistance 1, negative energy resistance 3, inhibited
regeneration, torment resistance 2
a: Renounce Religion


You were on level 1 of the Dungeon.
You worshipped Trog.
Trog was aware of your devotion.
You visited 1 branch of the dungeon, and saw 1 of its levels.

You collected 10 gold pieces.

Inventory:

Armour
 a - a +0 animal skin (worn)


   Skills:
 + Level 3.5 Fighting
 + Level 1.8 Armour
 + Level 1.8 Dodging
 + Level 3.6 Unarmed Combat


You had one spell level left.
You didn't know any spells.
Your spell library was empty.

Dungeon Overview and Level Annotations

Branches:
Dungeon (1/15)

Altars:


Innate Abilities, Weirdness & Mutations

You thrive by killing the living.
You are immune to poison.
You have sharp fingernails.
Your flesh is cold resistant. (rC+)
You are immune to negative energy. (rN+++)
You do not regenerate when monsters are visible.
You are immune to unholy pain and torment.


Message History

The goblin is severely wounded.
The bat hits you but does no damage.
The kobold hits you with a +0 short sword.
The goblin hits you with a +0 dagger.
Okay, then.
Okay, then.
You aren't carrying any items that you can evoke.
You are too injured to fight recklessly!
The kobold hits you with a +0 short sword.
You scratch the bat.
The bat is severely wounded.
The bat hits you but does no damage. The bat hits you. The kobold misses you.
You claw the bat!
You kill the bat!
Trog accepts your kill.
You feel better. The kobold closely misses you.
You barely miss the goblin.
The goblin is severely wounded.
The kobold barely misses you.
You closely miss the goblin.
The goblin is severely wounded.
The goblin hits you but does no damage. The kobold completely misses you.
You closely miss the goblin.
The goblin is severely wounded.
The goblin hits you with a +0 dagger.
You closely miss the goblin.
The goblin is severely wounded.
The kobold hits you with a +0 short sword.
* * * LOW HITPOINT WARNING * * *
The goblin barely misses you. The goblin closely misses you.
You closely miss the goblin.
The goblin is severely wounded.
The kobold hits you with a +0 short sword.
* * * LOW HITPOINT WARNING * * *
The goblin closely misses you.
You claw the goblin!
You kill the goblin!
Trog accepts your kill.
The kobold hits you with a +0 short sword.
You die...

#.####
#####....########
.................#
####..###...###..# #
#..#G#...#G#..###.# #
#..###...###......# #
##............# #
#....._.....## #
#.........)@###### #
#.(###...###gK....#
#####..#G#...#G#J.....#
...[...###...###......#
.............. .......#
.......#..##. .......#
######.... ........# #
#.......# # #.#######


You could see an eye of devastation, an endoplasm, a goblin and a kobold.

Vanquished Creatures
  3 bats (D:1)
  2 endoplasms (D:1)
  3 goblins (D:1)
  A quokka (D:1)
9 creatures vanquished.

Notes
Turn   | Place    | Note
-------+----------+-------------------------------------------
     0 | D:1      | horus123 the Ghoul Berserker began the quest for the Orb.
     0 | D:1      | Reached XP level 1. HP: 19/19 MP: 0/0
    96 | D:1      | Reached XP level 2. HP: 26/26 MP: 1/1
   130 | D:1      | Noticed an eye of devastation
   132 | D:1      | Found a faded altar of an unknown god.
   161 | D:1      | Noticed a floating eye
   161 | D:1      | Noticed an eye of devastation
   161 | D:1      | Noticed a shining eye
   182 | D:1      | Slain by a kobold

Illustrated notes

Levels and vault maps discovered:
D:1:      elethiomel_arrival_shortcut, layout_loops_cross,
          hellmonk_ecumenical_altar_watching_god, dk_noncrumbling_4

Action                   || total
-------------------------++-------
Melee: Unarmed           ||    29
Armor: Animal skin       ||     7
Dodge: Dodged            ||    17
